 Dungeon Crawl Stone Soup version 0.31.0-32-g396128a36d (webtiles) character file.

Game seed: 7794803230966203475

11 601d51SH the Chopper (level 2, -1/27 HPs)
             Began as a Hill Orc Cinder Acolyte on Apr 3, 2024.
             Was a High Priest of Ignis.
             Slain by an adder (2 damage)
             ... on level 2 of the Dungeon.
             The game lasted 00:01:12 (251 turns).

601d51SH the Chopper (Hill Orc Cinder Acolyte)       Turns: 251, Time: 00:01:13

Health: -1/27      AC:  2    Str: 16    XL:     2   Next: 29%
Magic:  3/3        EV: 11    Int: 14    God:    Ignis [*****.]
Gold:   0          SH:  0    Dex:  6    Spells: 3/3 levels left

rFire   + . .        a - -1 hand axe (flame)
rCold   . . .        (no shield)
rNeg    . . .        b - +0 robe
rPois   .            (no helmet)
rElec   .            (no cloak)
rCorr   .            (no gloves)
SInv    .            (no boots)
Will    .....        (no amulet)
Stlth   +            (no ring)
HPRegen 0.24/turn    (no ring)
MPRegen 0.08/turn

%: no passive effects
@: lethally poisoned (-1 -> -9)
A: no striking features
a: Renounce Religion, Fiery Armour, Foxfire Swarm, Rising Flame


You were on level 2 of the Dungeon.
You worshipped Ignis.
Ignis was extremely pleased with you.
You visited 1 branch of the dungeon, and saw 2 of its levels.

Inventory:

Hand Weapons
 a - a -1 hand axe of flaming (weapon)
Armour
 b - a +0 robe (worn)
Scrolls
 c - a scroll of teleportation {unknown}
 e - a scroll of fog {unknown}
Potions
 d - a potion of curing {unknown}


   Skills:
 + Level 3.8 Fighting
 + Level 4.2 Axes
 + Level 1.1 Spellcasting
 + Level 3.5 Fire Magic


You had 3 spell levels left.
You didn't know any spells.
Your spell library contained the following spells:

 Spells                   Type           Power      Damage    Failure   Level
 Scorch                   Fire           20%        2d5       10%         2


Dungeon Overview and Level Annotations

Branches:
Dungeon (1/15)

Altars:


Message History

The adder poisons you!
A hobgoblin comes into view.
The hobgoblin shouts!
You hit the adder. You burn the adder.
The adder is lightly wounded.
You feel sick.
You hear an angry hiss.
The adder bites you.
You are more poisoned.
The adder poisons you! The adder bites you.
You are more poisoned.
The adder poisons you! The adder barely misses you.
You hit the adder. You burn the adder.
The adder is almost dead.
You hit the adder. You burn the adder.
You feel very sick. The adder barely misses you. The adder bites you.
You barely miss the adder.
The adder is almost dead.
You closely miss the adder.
You feel very sick.
The adder bites you. x2; The adder closely misses you.
The adder bites you.
* * * LOW HITPOINT WARNING * * *
You are more poisoned.
The adder poisons you!
You hit the adder but do no damage.
The adder is almost dead.
You hit the adder. You burn the adder.
* * * LOW HITPOINT WARNING * * *
You feel very sick.
A frilled lizard comes into view.
The adder closely misses you. The adder completely misses you.
You hit the adder but do no damage.
The adder is almost dead.
You hit the adder. You burn the adder.
You kill the adder!
* * * LOW HITPOINT WARNING * * *
You feel very sick. The adder bites you.
You die...

...!. #######
...#.######.....###
#......[†.........##
#.###...###........#
l #.#.# #..##.#..#
#.###...###..##.#..#
#...g.......)##.#..#
...#...†....###†#..#
......S@.....##.#..#
.#.#..#####[.##.#..#
...#.. #..##.#..# ..
#.. #..##.#..#####
#?. ............# ..
........###.# ##
#.###.#...#
#.##.>.##.#
##....#..#.#


You could see an adder, a hobgoblin and a frilled lizard.

Vanquished Creatures
  An adder (D:2)
  A dart slug (D:2)
  An endoplasm (D:1)
  A giant cockroach (D:2)
  2 ball pythons (D:1)
  3 bats
  A frilled lizard (D:1)
  A rat (D:2)
11 creatures vanquished.

Notes
Turn   | Place    | Note
-------+----------+-------------------------------------------
     0 | D:1      | 601d51SH the Hill Orc Cinder Acolyte began the quest for
                  | the Orb.
     0 | D:1      | Reached XP level 1. HP: 19/19 MP: 2/2
   117 | D:1      | You fall into a shaft and drop 1 floor!
   157 | D:2      | Reached XP level 2. HP: 20/27 MP: 3/3
   251 | D:2      | HP: 1/27 [poisoned by an adder]
   251 | D:2      | Slain by an adder

Illustrated notes

Levels and vault maps discovered:
D:1:      kennysheep_arrival_seaside, layout_rooms, hangedman_decor_points
D:2:      layout_loops_ring, minmay_fractal_squares_5

Action                     || total
---------------------------++-------
  Melee: Hand axe          ||    33
         Punch             ||     1
 Armour: Robe              ||    22
  Dodge: Dodged            ||    25
